[Event "Titled Tuesday Blitz May 17 Early 2022"]
[White "Krishna, C R G"]
[Black "Sjugirov, Sanan"]
[WhiteFideId "5018625"]
[BlackFideId "4189302"]
[WhiteElo "2332"]
[BlackElo "2602"]
[Result "0-1"]
[Round "05"]
[TimeControl "180+1"]
[Date "2022.05.17"]
[WhiteClock "0:00:20"]
[BlackClock "0:00:15"]

1. d4 Nf6 2. Nf3 e6 3. e3 d5 4. Bd3 Bd6 5. O-O O-O 6. c4 b6 7. cxd5 exd5 8. Nc3 Bb7 9. b3 a6 10. Bb2 Nbd7 11. Rc1 Qe7 12. Ne2 Ne4 13. Qc2 c5 14. Ng3 g6 15. Qe2 h5 16. Rfd1 h4 17. Nf1 h3 18. g3 Rfe8 19. dxc5 bxc5 20. b4 cxb4 21. Nd4 Ne5 22. Bb1 Rac8 23. f4 Nc4 24. Ba1 Qd7 25. Nf3 Nc3 26. Bxc3 bxc3 27. Rxc3 Qg4 28. Bd3 Bxf4 29. Nd4 Qxe2 30. Bxe2 Bxe3+ 31. Nxe3 Nxe3 32. Rxc8 Rxc8 33. Rb1 Rc7 34. Kf2 Nc4 35. Bf1 Bc8 36. Rc1 Kg7 37. Nf3 Rb7 38. Bxc4 dxc4 39. Rxc4 Rb2+ 40. Ke3 Be6 41. Ra4 Rxa2 42. Rxa2 Bxa2 43. Ng5 Be6 44. Kd4 Kf6 45. Ne4+ Ke7 46. Kc5 Bf5 47. Nf2 Bc8 48. g4 Kf6 49. Nxh3 Bxg4 50. Nf2 Be2 51. Kd4 Kf5 52. Ke3 Bb5 53. Ne4 Ke5 54. Nc3 Bc6 55. Ne2 a5 56. Nd4 Bd7 57. Nb3 a4 58. Nc5 Bb5 59. Nd3+ Bxd3 60. Kxd3 Kf4 0-1


[Site "https://www.chess.com"]

[Event "Titled Tuesday Blitz May 17 Early 2022"]
[White "Lazavik, Denis"]
[Black "Druska, Juraj"]
[WhiteFideId "13515110"]
[BlackFideId "14915650"]
[WhiteElo "2437"]
[BlackElo "2369"]
[Result "1-0"]
[Round "05"]
[TimeControl "180+1"]
[Date "2022.05.17"]
[WhiteClock "0:00:06"]
[BlackClock "0:00:01"]

1. d4 d5 2. c4 c6 3. Nf3 Nf6 4. Nc3 a6 5. c5 Nbd7 6. Bf4 Nh5 7. Bd2 Nhf6 8. Qc2 g6 9. g3 Bg7 10. Bg2 O-O 11. O-O Re8 12. Rfd1 e5 13. dxe5 Ng4 14. e4 Nxc5 15. Bg5 Qb6 16. exd5 Bf5 17. Qe2 h6 18. Be3 Nxe3 19. Qxe3 Rad8 20. Rac1 Nd7 21. Qxb6 Nxb6 22. dxc6 bxc6 23. Rxd8 Rxd8 24. b3 Bg4 25. Ne4 Nd5 26. Nd4 Nb4 27. Rc4 Nxa2 28. h3 Bd1 29. Nxc6 Bxb3 30. Rc5 Re8 31. Nd6 Re6 32. Bf1 a5 33. Rxa5 Nc3 34. f4 Nd1 35. Ra8+ Bf8 36. Nd4 Bd5 37. Ra5 1-0


[Site "https://www.chess.com"]

[Event "Titled Tuesday Blitz May 17 Early 2022"]
[White "Liyanage, Ranindu Dilshan"]
[Black "Mitrabha, Guha"]
[WhiteFideId "9915834"]
[BlackFideId "5057000"]
[WhiteElo "1858"]
[BlackElo "2468"]
[Result "1-0"]
[Round "05"]
[TimeControl "180+1"]
[Date "2022.05.17"]
[WhiteClock "0:00:14"]
[BlackClock "0:00:02"]

1. d4 Nf6 2. Nc3 d5 3. Bf4 a6 4. e3 c5 5. dxc5 Nc6 6. Nf3 Bg4 7. Be2 e6 8. Na4 Bxc5 9. Nxc5 Qa5+ 10. c3 Qxc5 11. Ne5 Bxe2 12. Qxe2 O-O 13. O-O h6 14. Rfd1 Rfd8 15. Qf3 Ne4 16. Qg4 Kf8 17. Nd3 Qe7 18. Qh3 e5 19. Bg3 Nf6 20. Bh4 g5 21. Bg3 Kg7 22. f4 e4 23. Ne5 Qe6 24. f5 Qe7 25. Ng4 Nxg4 26. Qxg4 Qf6 27. h4 Rd7 28. Rd2 Ne7 29. hxg5 hxg5 30. Rf1 Rg8 31. Rd4 Kf8 32. c4 Kg7 33. cxd5 Nxd5 34. Qxe4 Qc6 35. Rfd1 Re8 36. Qxe8 1-0


[Site "https://www.chess.com"]

[Event "Titled Tuesday Blitz May 17 Early 2022"]
[White "Lodici, Lorenzo"]
[Black "Martinez Alcantara, Jose Eduardo"]
[WhiteFideId "884189"]
[BlackFideId "3805662"]
[WhiteElo "2265"]
[BlackElo "2690"]
[Result "0-1"]
[Round "05"]
[TimeControl "180+1"]
[Date "2022.05.17"]
[WhiteClock "0:00:12"]
[BlackClock "0:00:26"]

1. f4 g6 2. Nf3 Bg7 3. e4 d6 4. d4 Nf6 5. Bd3 O-O 6. c3 Nc6 7. d5 Nb8 8. O-O e6 9. c4 exd5 10. cxd5 c6 11. dxc6 Nxc6 12. Nc3 Re8 13. Rb1 a6 14. Kh1 b5 15. a3 Bb7 16. Bd2 Rc8 17. Re1 Na5 18. Re2 Nc4 19. Be1 Nh5 20. Qc1 d5 21. e5 d4 22. Ne4 Ne3 23. Qd2 Nxf4 24. Nd6 Bxf3 25. gxf3 Rxe5 26. Nxc8 Qxc8 27. Bg3 Bh6 28. Rf2 Rc5 29. Be4 Nh5 30. Bd6 Nf5 31. Bxf5 Qxf5 32. Qe1 Rc8 33. Qe4 Qxe4 34. fxe4 Be3 35. Re2 Nf6 36. Rf1 Nxe4 37. Bf4 Bxf4 38. Rxf4 f5 39. Kg2 d3 40. Re3 Rc2+ 41. Kh3 d2 42. Rd3 Rxb2 43. Rd7 Rb1 44. Rxe4 fxe4 45. Rxd2 Rb3+ 46. Kg4 Rxa3 47. Rd7 Rd3 0-1


[Site "https://www.chess.com"]

[Event "Titled Tuesday Blitz May 17 Early 2022"]
[White "Maevsky, Nikolay"]
[Black "Garriga Cazorla, Pere"]
[WhiteFideId "4198220"]
[BlackFideId "32011601"]
[WhiteElo "2149"]
[BlackElo "2433"]
[Result "0-1"]
[Round "05"]
[TimeControl "180+1"]
[Date "2022.05.17"]
[WhiteClock "0:00:16"]
[BlackClock "0:00:46"]

1. d4 Nf6 2. Nf3 e6 3. e3 d5 4. Bd3 b6 5. b3 Bb7 6. Bb2 Bd6 7. Nbd2 O-O 8. O-O c5 9. Ne5 Nc6 10. f4 Ne7 11. Qe2 Rc8 12. Rad1 Qc7 13. dxc5 Bxc5 14. Ndf3 Ne4 15. Nd4 Nf5 16. Bxe4 dxe4 17. c4 Rfd8 18. Nxf5 exf5 19. g4 f6 20. gxf5 fxe5 21. Bxe5 Qf7 22. Kf2 Qxf5 23. Rg1 g6 24. Rg3 Rd3 25. Ba1 Bxe3+ 26. Kg2 Bxf4 27. Qb2 e3+ 28. Kg1 Rxd1# 0-1


[Site "https://www.chess.com"]

[Event "Titled Tuesday Blitz May 17 Early 2022"]
[White "Makarian, Rudik"]
[Black "Arabidze, Meri"]
[WhiteFideId "44105681"]
[BlackFideId "13604040"]
[WhiteElo "2419"]
[BlackElo "2335"]
[Result "1-0"]
[Round "05"]
[TimeControl "180+1"]
[Date "2022.05.17"]
[WhiteClock "0:00:46"]
[BlackClock "0:00:08"]

1. d4 d5 2. c4 dxc4 3. e3 Nf6 4. Bxc4 e6 5. Nf3 a6 6. O-O b5 7. Bd3 Bb7 8. a4 b4 9. Qe2 Nbd7 10. Nbd2 Be7 11. Nc4 a5 12. e4 Nb6 13. Nxb6 cxb6 14. b3 O-O 15. Bb2 Rc8 16. Rad1 Rc7 17. Rfe1 Qa8 18. h3 h6 19. d5 exd5 20. Bxf6 Bxf6 21. e5 Be7 22. Nd4 Bc5 23. Nf5 Bc8 24. Qg4 Bxf5 25. Qxf5 g6 26. Qg4 Kg7 27. Qg3 Re7 28. h4 Qb8 29. h5 g5 30. Bb1 Rh8 31. Rxd5 Qc7 32. Qd3 Qc8 33. Qf3 Qe6 34. Red1 Rhe8 35. Bf5 Qc6 36. Be4 Qe6 37. Bb1 f6 38. Bf5 Qc6 39. Bd7 1-0


[Site "https://www.chess.com"]

[Event "Titled Tuesday Blitz May 17 Early 2022"]
[White "Nakamura, Hikaru"]
[Black "Jarovinsky, Alexey"]
[WhiteFideId "2016192"]
[BlackFideId "14115131"]
[WhiteElo "2850"]
[BlackElo "2446"]
[Result "1-0"]
[Round "05"]
[TimeControl "180+1"]
[Date "2022.05.17"]
[WhiteClock "0:00:36"]
[BlackClock "0:00:03"]

1. Nf3 Nc6 2. d4 d6 3. e4 Nf6 4. Nc3 g6 5. d5 Nb8 6. Be3 Bg4 7. Be2 Nbd7 8. Nd4 Bxe2 9. Qxe2 Bg7 10. h4 h5 11. f3 a6 12. O-O-O Nb6 13. Bg5 Qd7 14. Kb1 Na4 15. Nxa4 Qxa4 16. Nb3 Nd7 17. c4 c5 18. dxc6 bxc6 19. Be3 c5 20. f4 Nb6 21. Rc1 Qc6 22. e5 O-O 23. Bd2 a5 24. Nxa5 Qa4 25. Rh3 Rxa5 26. Ra3 Qxa3 27. bxa3 Rxa3 28. Rc3 Ra4 29. Bc1 dxe5 30. fxe5 Rd8 31. a3 Rd4 32. Rd3 Raxc4 33. Rxd4 cxd4 34. Bg5 e6 35. Bd8 Rc3 36. Qb5 Nd5 37. Qe8+ Bf8 38. Bg5 1-0


[Site "https://www.chess.com"]

[Event "Titled Tuesday Blitz May 17 Early 2022"]
[White "Oganian, Miran"]
[Black "Kobo, Ori"]
[WhiteFideId "4122488"]
[BlackFideId "2812320"]
[WhiteElo "2357"]
[BlackElo "2420"]
[Result "1-0"]
[Round "05"]
[TimeControl "180+1"]
[Date "2022.05.17"]
[WhiteClock "0:00:56"]
[BlackClock "0:00:06"]

1. e4 e5 2. Nf3 Nc6 3. Nc3 Nf6 4. d4 exd4 5. Nxd4 Bc5 6. Nxc6 bxc6 7. Bd3 d6 8. h3 Nd7 9. O-O Ne5 10. Kh1 O-O 11. f4 Nxd3 12. cxd3 f5 13. d4 Bb6 14. e5 Be6 15. Re1 Qd7 16. Be3 Rae8 17. Qf3 Ba5 18. Rac1 Bxc3 19. Rxc3 Bd5 20. Qf2 Re6 21. Bd2 Rg6 22. Rg3 Rxg3 23. Qxg3 Re8 24. exd6 cxd6 25. a3 Rf8 26. Re3 Be4 27. Bc3 d5 28. Qf2 h6 29. Bb4 Re8 30. Bc5 a5 31. b4 axb4 32. Bxb4 Re6 33. Rg3 Kh7 34. Kh2 Qf7 35. a4 Qb7 36. Qd2 Qa6 37. a5 Bb1 38. Bf8 Rg6 39. Rxg6 Kxg6 40. Qe1 Qd3 41. Qe8+ Kh7 42. Qe5 Kg6 43. Qxg7+ Kh5 44. Qf7+ 1-0


[Site "https://www.chess.com"]

[Event "Titled Tuesday Blitz May 17 Early 2022"]
[White "Oparin, Grigoriy"]
[Black "Yuan, Qingyu"]
[WhiteFideId "24125890"]
[BlackFideId "8609772"]
[WhiteElo "2665"]
[BlackElo "2359"]
[Result "1-0"]
[Round "05"]
[TimeControl "180+1"]
[Date "2022.05.17"]
[WhiteClock "0:00:13"]
[BlackClock "0:00:02"]

1. e4 c6 2. Nc3 d5 3. Nf3 dxe4 4. Nxe4 Nf6 5. Qe2 Nxe4 6. Qxe4 Nd7 7. d4 Nf6 8. Qf4 g6 9. Bc4 Bg7 10. O-O O-O 11. Re1 Bf5 12. c3 Nd5 13. Qh4 Re8 14. h3 b5 15. Bb3 a5 16. Bg5 a4 17. Bxd5 Qxd5 18. Bxe7 h6 19. Ba3 Rac8 20. Qf4 Rxe1+ 21. Rxe1 Qxa2 22. Nd2 b4 23. Bxb4 Qxb2 24. Nc4 Qc2 25. Nd6 Ra8 26. Nxf5 Qxf5 27. Qxf5 gxf5 28. Ra1 Bf6 29. Kf1 Kg7 30. Ke2 Kg6 31. Kd3 Kg5 32. Kc4 Kf4 33. Bd6+ Kg5 34. Ra2 f4 35. Kc5 Kf5 36. Kxc6 Rc8+ 37. Kd5 Rxc3 38. f3 Rd3 39. Bc5 a3 40. Rxa3 Rd2 41. Ra7 Kg6 42. Ke4 Rxg2 43. Kxf4 Rd2 44. Ra6 Kg7 45. Ke4 Re2+ 46. Kf5 Bg5 47. d5 Rd2 48. Ke4 Bf6 49. Be3 Rd1 50. Bxh6+ Kxh6 51. Rxf6+ Kg7 52. Ra6 Rh1 53. Kf5 Rxh3 54. f4 Rh1 55. Ra4 Rd1 56. Ke5 Kf8 57. Rd4 Re1+ 58. Kf6 Ke8 59. f5 Rh1 60. d6 Rh6+ 61. Kg7 Rh3 62. d7+ Kd8 63. Kxf7 Rh7+ 64. Kg6 Rh2 65. f6 Rd2 66. Rxd2 1-0


[Site "https://www.chess.com"]

[Event "Titled Tuesday Blitz May 17 Early 2022"]
[White "Petrovskyi, Vadym"]
[Black "Svane, Rasmus"]
[WhiteFideId "14165210"]
[BlackFideId "4657101"]
[WhiteElo "2400"]
[BlackElo "2674"]
[Result "0-1"]
[Round "05"]
[TimeControl "180+1"]
[Date "2022.05.17"]
[WhiteClock "0:00:02"]
[BlackClock "0:00:10"]

1. e4 c6 2. d4 d5 3. Nc3 dxe4 4. Nxe4 Nf6 5. Nxf6+ exf6 6. c3 Bd6 7. Bd3 O-O 8. Qc2 Re8+ 9. Ne2 h5 10. Be3 Nd7 11. Ng3 Nb6 12. O-O Nd5 13. Bd2 h4 14. Nf5 h3 15. g3 Be6 16. Rfe1 Bf8 17. a3 g6 18. Nh4 b5 19. Bxg6 fxg6 20. Qxg6+ Bg7 21. Bh6 Qd7 22. Rxe6 Rxe6 23. Nf5 Re7 24. Kf1 Qe6 25. Qg4 Rae8 26. Qxh3 Bxh6 27. Nxe7+ Rxe7 28. Qxh6 Qe2+ 29. Kg1 Qg4 30. Rf1 Re2 31. b3 Qe4 32. Qh3 Kf7 33. Qd7+ Ne7 34. c4 bxc4 35. bxc4 Rd2 36. Qxa7 Qxd4 37. Qa6 Qe4 38. Qa4 Nf5 39. Qa7+ Kg6 40. Qc5 Nd4 41. Qf8 Ne2# 0-1


[Site "https://www.chess.com"]

[Event "Titled Tuesday Blitz May 17 Early 2022"]
[White "Preotu, Razvan"]
[Black "Vovk, Orest"]
[WhiteFideId "2613280"]
[BlackFideId "14113490"]
[WhiteElo "2407"]
[BlackElo "2203"]
[Result "1-0"]
[Round "05"]
[TimeControl "180+1"]
[Date "2022.05.17"]
[WhiteClock "0:00:30"]
[BlackClock "0:00:04"]

1. e4 g5 2. d4 g4 3. Qxg4 d5 4. Qh4 dxe4 5. Qxe4 Nf6 6. Qh4 Rg8 7. Bg5 Rxg5 8. Qxg5 Qxd4 9. Nc3 Nc6 10. Bb5 Bd7 11. Nf3 Qb4 12. O-O-O O-O-O 13. Bxc6 Bxc6 14. Rxd8+ Kxd8 15. Rd1+ Ke8 16. Ne5 Qc5 17. Rd8+ Kxd8 18. Nxf7+ Ke8 19. Qxc5 Kxf7 20. f3 Bh6+ 21. Kb1 a6 22. Qc4+ Kf8 23. Ne4 Nxe4 24. fxe4 Bg7 25. Qe6 Bf6 26. e5 Bg7 27. g4 h6 28. h4 Be8 29. g5 hxg5 30. hxg5 c6 31. Qc8 b5 32. b4 Kf7 33. g6+ Kf8 34. Kc1 Bh8 35. Qf5+ Kg8 36. Kd2 Bg7 37. Kd3 Bh8 38. Ke4 Bg7 39. Qe6+ Kf8 40. Kf5 Bh8 41. Qc8 Bg7 42. Qxa6 Bh8 43. a4 bxa4 44. Qxa4 Bd7+ 45. e6 Be8 46. Qa8 Bf6 47. c4 Bc3 48. b5 cxb5 49. cxb5 Bd4 50. Qb8 Bc5 51. Qe5 Bd6 52. Qh8# 1-0


[Site "https://www.chess.com"]

[Event "Titled Tuesday Blitz May 17 Early 2022"]
[White "Rostovtsev, Dmitry"]
[Black "Aghasiyev, Kamal"]
[WhiteFideId "34278320"]
[BlackFideId "13402854"]
[WhiteElo "2274"]
[BlackElo "2210"]
[Result "1/2-1/2"]
[Round "05"]
[TimeControl "180+1"]
[Date "2022.05.17"]
[WhiteClock "0:00:06"]
[BlackClock "0:00:15"]

1. e4 e5 2. Nf3 Nc6 3. Bb5 a6 4. Ba4 d6 5. c3 Bd7 6. d4 g6 7. O-O Bg7 8. dxe5 Nxe5 9. Nxe5 dxe5 10. f4 exf4 11. Bxf4 Bxa4 12. Qxa4+ Qd7 13. Qxd7+ Kxd7 14. Nd2 Re8 15. Bg3 Nh6 16. Rae1 Kc8 17. Nf3 f5 18. e5 Nf7 19. Bf4 Nd8 20. Rd1 Ne6 21. Bg3 f4 22. Bh4 Rhf8 23. Rfe1 h6 24. Bf6 Bxf6 25. exf6 Rxf6 26. Ne5 Nc5 27. Ng4 Rxe1+ 28. Rxe1 Rd6 29. Nxh6 Rd2 30. b4 Nd3 31. Rf1 Rxa2 32. h4 Rc2 33. Kh2 Rxc3 34. Rf3 Rb3 35. Nf7 c5 36. bxc5 Nxc5 37. Rxf4 a5 38. Ne5 Rb6 39. Rc4 Rb5 40. Nxg6 Kd7 41. h5 Ne6 42. Rh4 Ng5 43. h6 Nh7 44. Nf4 Rf5 45. Nd3 b5 46. g4 Rg5 47. Kg3 b4 48. Kf4 b3 49. Rh1 a4 50. Ne5+ Rxe5 51. Kxe5 b2 52. Kd4 Ke6 53. Kc3 Kf6 54. Kxb2 Kg5 55. Ka3 Kxg4 56. Kxa4 Kg5 57. Kb5 Kg6 58. Kc5 Nf6 59. Kd4 Kh7 60. Kd3 Ng4 61. Ke4 Nf2+ 62. Kf4 Nxh1 63. Kg5 Nf2 64. Kh5 Nd3 65. Kg5 Ne5 66. Kf4 Nf7 67. Kf5 Nxh6+ 1/2-1/2


[Site "https://www.chess.com"]

[Event "Titled Tuesday Blitz May 17 Early 2022"]
[White "Salem, A.R. Saleh"]
[Black "Aradhya, Garg"]
[WhiteFideId "9301348"]
[BlackFideId "25006746"]
[WhiteElo "2679"]
[BlackElo "2169"]
[Result "1-0"]
[Round "05"]
[TimeControl "180+1"]
[Date "2022.05.17"]
[WhiteClock "0:00:51"]
[BlackClock "0:01:15"]

1. d4 d5 2. c4 c6 3. Nc3 Nf6 4. Nf3 dxc4 5. e4 b5 6. e5 Nd5 7. a4 e6 8. Be2 Be7 9. O-O O-O 10. Ne4 Nb6 11. a5 Na4 12. Rxa4 bxa4 13. Qxa4 Qd5 14. Nc3 Qd7 15. Bxc4 Ba6 16. Rd1 Rc8 17. Ba2 Bb5 18. Qc2 Na6 19. Bb1 g6 20. Ne4 Nb4 21. Qd2 Nd5 22. Qh6 f5 23. exf6 Bxf6 24. Nxf6+ Nxf6 25. Ne5 Qg7 26. Qh4 c5 27. Bh6 Qe7 28. Bg5 Rf8 29. Ng4 Kg7 30. dxc5 Rad8 31. Re1 Rd4 32. Bh6+ Kf7 33. Ne5+ Kg8 34. Qxd4 Rd8 35. Qh4 Rd5 36. Bg5 Kg7 37. Ng4 Rxg5 38. Qxg5 Nd5 39. Qxe7+ Nxe7 40. Rxe6 Nd5 41. Ba2 Nb4 42. Bb3 Nc6 43. Rd6 Nxa5 44. Bd5 Nc4 45. Bxc4 Bxc4 46. Rd7+ Kf8 47. c6 Be6 48. Rd4 Bf7 49. Ne5 Be6 50. c7 Ke7 51. Nc6+ Ke8 52. Nxa7 1-0


[Site "https://www.chess.com"]

[Event "Titled Tuesday Blitz May 17 Early 2022"]
[White "Sarana, Alexey"]
[Black "Gabrielian, Artur"]
[WhiteFideId "24133795"]
[BlackFideId "4131002"]
[WhiteElo "2666"]
[BlackElo "2440"]
[Result "1-0"]
[Round "05"]
[TimeControl "180+1"]
[Date "2022.05.17"]
[WhiteClock "0:00:06"]
[BlackClock "0:00:13"]

1. d4 Nf6 2. c4 g6 3. Nc3 Bg7 4. e4 d6 5. Be2 O-O 6. Be3 Nc6 7. Nf3 e5 8. d5 Ne7 9. Nd2 Nd7 10. b4 f5 11. f3 Nf6 12. c5 Nh5 13. g3 f4 14. Bf2 fxg3 15. hxg3 a5 16. cxd6 cxd6 17. bxa5 Qxa5 18. Qb3 b5 19. a4 Bh6 20. Ra2 Bd7 21. axb5 Qxc3 22. Qxc3 Rxa2 23. Nb3 Rc8 24. Qd3 Rcc2 25. b6 Bc8 26. Rh2 Rcb2 27. Bd1 Ba6 28. Qc3 Rb1 29. Bg1 Rxh2 30. Bxh2 Nf6 31. g4 Bg5 32. Qc2 Bh4+ 33. Kd2 Bg5+ 34. Ke1 Bh4+ 35. Kd2 Bg5+ 36. f4 exf4 37. Qxb1 f3+ 38. Kc3 Nfxd5+ 39. exd5 Nxd5+ 40. Kb2 Bf6+ 41. Ka3 Nc3 42. Qc2 Nb5+ 43. Ka4 Nc3+ 44. Ka5 Bb7 45. Bxf3 Bxf3 46. Bxd6 Nd5 47. b7 Bd8+ 48. Kb5 Be2+ 49. Qxe2 Nc3+ 50. Kc6 Nxe2 51. b8=Q Kf7 52. Qxd8 1-0


[Site "https://www.chess.com"]

[Event "Titled Tuesday Blitz May 17 Early 2022"]
[White "Seemann, Jakub"]
[Black "Zhao, Jun"]
[WhiteFideId "21874697"]
[BlackFideId "8602522"]
[WhiteElo "2003"]
[BlackElo "2547"]
[Result "1-0"]
[Round "05"]
[TimeControl "180+1"]
[Date "2022.05.17"]
[WhiteClock "0:00:10"]
[BlackClock "0:00:01"]

1. e4 d5 2. exd5 Qxd5 3. Nc3 Qd6 4. d4 Nf6 5. Nf3 c6 6. g3 Bg4 7. Bf4 Qd8 8. Bg2 e6 9. h3 Bxf3 10. Bxf3 Nbd7 11. O-O Be7 12. h4 O-O 13. Re1 Qb6 14. Qd2 Rfd8 15. Qe3 Nf8 16. a3 Qxd4 17. Qe2 Nd5 18. Be5 Nxc3 19. bxc3 Qa4 20. Rab1 Rd7 21. h5 h6 22. Rb3 Rad8 23. Qf1 Bf6 24. Bxf6 gxf6 25. Re4 Qa5 26. Rg4+ Kh7 27. Qc4 f5 28. Rd4 Qe5 29. Rxb7 Qe1+ 30. Qf1 Qxc3 31. Rdxd7 Rxd7 32. Rb3 Qxc2 33. Rb8 Qc3 34. Kg2 Kg7 35. Qa6 Rc7 36. Ra8 Nd7 37. Rxa7 Rxa7 38. Qxa7 Ne5 39. Qe3 Qxe3 40. fxe3 Nxf3 41. Kxf3 Kf6 42. Kf4 Ke7 43. Ke5 f6+ 44. Kd4 Kd6 45. a4 c5+ 46. Kc4 Kc6 47. a5 e5 48. a6 Kb6 49. a7 Kxa7 50. Kxc5 Ka6 51. Kd6 Kb5 52. Ke6 Kc4 53. Kxf6 Kd5 54. Kxf5 1-0


[Site "https://www.chess.com"]

[Event "Titled Tuesday Blitz May 17 Early 2022"]
[White "Shimanov, Aleksandr"]
[Black "Klekowski, Maciej"]
[WhiteFideId "4198603"]
[BlackFideId "1132717"]
[WhiteElo "2605"]
[BlackElo "2476"]
[Result "0-1"]
[Round "05"]
[TimeControl "180+1"]
[Date "2022.05.17"]
[WhiteClock "0:00:04"]
[BlackClock "0:00:07"]

1. d4 Nf6 2. Nc3 d5 3. Bf4 e6 4. Nb5 Na6 5. e3 Be7 6. Nf3 O-O 7. Be2 c6 8. Nc3 c5 9. Ne5 Nb8 10. dxc5 Bxc5 11. O-O Nc6 12. Bd3 Nxe5 13. Bxe5 Bd6 14. Bxd6 Qxd6 15. e4 Rd8 16. exd5 exd5 17. h3 Be6 18. Nb5 Qb6 19. Qd2 d4 20. Qf4 Rac8 21. b3 a6 22. Na3 Qb4 23. Nc4 b5 24. Ne5 Qd6 25. Rfe1 Re8 26. a4 b4 27. a5 Rc5 28. Qg3 Nh5 29. Qh2 g6 30. Nc4 Qxh2+ 31. Kxh2 Nf4 32. Bf1 Rd8 33. g3 Nd5 34. Re5 Rc7 35. Bd3 Kg7 36. Rae1 Kf6 37. f4 h5 38. Rf1 Nc3 39. Ree1 Bxc4 40. Bxc4 Nd5 41. Rf2 Rc6 42. Bd3 Ne3 43. Ra1 Ra8 44. Ra4 Rb8 45. Kg1 Rc5 46. Re2 Nd5 47. Ra1 Nc3 48. Ree1 Rd5 49. Kf2 Rc5 50. Kf3 Rd8 51. g4 Rdd5 52. g5+ Kg7 53. Re7 Rxa5 54. Rae1 Rd6 55. Rb7 Nd5 56. Re6 Rxe6 57. Be4 Nc3 58. Bd3 Re3+ 59. Kf2 Rxd3 60. cxd3 Nd5 61. Kf3 Ra3 62. Rd7 Nc3 63. f5 gxf5 64. Rxd4 Rxb3 65. Rd6 a5 66. Kf4 a4 67. Kxf5 a3 68. Rd7 a2 69. g6 Rb1 70. Rxf7+ Kg8 71. Rb7 Rf1+ 72. Kg5 a1=Q 73. Kh6 Qc1+ 74. Kxh5 Rf5+ 75. Kg4 Qg5# 0-1


[Site "https://www.chess.com"]

[Event "Titled Tuesday Blitz May 17 Early 2022"]
[White "Vakhlamov, Igor L."]
[Black "Ciorgovean, Iustin"]
[WhiteFideId "24126748"]
[BlackFideId "1242911"]
[WhiteElo "2401"]
[BlackElo "2075"]
[Result "1-0"]
[Round "05"]
[TimeControl "180+1"]
[Date "2022.05.17"]
[WhiteClock "0:00:51"]
[BlackClock "0:00:18"]

1. e4 e5 2. Nf3 Nc6 3. Nc3 Nf6 4. Bb5 Bb4 5. Nd5 Nxd5 6. exd5 Ne7 7. Nxe5 O-O 8. Bc4 d6 9. Nf3 Bg4 10. O-O Qd7 11. c3 Ba5 12. d4 Qf5 13. h3 Bxf3 14. Qxf3 Qxf3 15. gxf3 Rfe8 16. Kg2 a6 17. a4 c6 18. dxc6 bxc6 19. b4 Bc7 20. Re1 d5 21. Bd3 f6 22. Bd2 Kf7 23. f4 Ng6 24. Kg3 Bd6 25. a5 Ne7 26. Kf3 g6 27. h4 h5 28. Kg3 Nf5+ 29. Kh3 Nh6 30. Rxe8 Rxe8 31. Bxa6 Ng4 32. Kg2 1-0


[Site "https://www.chess.com"]

[Event "Titled Tuesday Blitz May 17 Early 2022"]
[White "Vasquez Schroeder, Rodrigo"]
[Black "Zhu, Jiner"]
[WhiteFideId "3400042"]
[BlackFideId "8608059"]
[WhiteElo "2567"]
[BlackElo "2281"]
[Result "1-0"]
[Round "05"]
[TimeControl "180+1"]
[Date "2022.05.17"]
[WhiteClock "0:00:06"]
[BlackClock "0:00:02"]

1. e4 c5 2. Nf3 Nc6 3. d4 cxd4 4. Nxd4 Nf6 5. Nc3 e5 6. Ndb5 d6 7. Bg5 a6 8. Na3 b5 9. Nd5 Be7 10. Bxf6 Bxf6 11. c3 Rb8 12. Nc2 Bg5 13. g3 O-O 14. h4 Bh6 15. Bh3 Be6 16. Kf1 Ne7 17. Ncb4 Nxd5 18. Nxd5 Qd7 19. Kg2 f5 20. Bxf5 Bxf5 21. exf5 Rxf5 22. f3 Rbf8 23. Rf1 R5f7 24. Qd3 Kh8 25. Rae1 Qb7 26. Re4 a5 27. b3 Qc6 28. c4 bxc4 29. Rxc4 Qb7 30. Qe4 Bd2 31. Rf2 Bb4 32. Nxb4 axb4 33. Rxb4 Qa6 34. Rc4 Qa5 35. Rcc2 Qa3 36. Rcd2 h6 37. Qd5 Qa7 38. Rfe2 Rxf3 39. Qxf3 Rxf3 40. Kxf3 Qb7+ 41. Kf2 Qb6+ 42. Kg2 Qc6+ 43. Kh2 Qb6 44. Rd5 Qb4 45. Red2 e4 46. Rxd6 e3 47. Rd8+ Kh7 48. Re2 Qb5 49. Rxe3 Qa5 50. Rdd3 Qxa2+ 51. Kg1 Qb1+ 52. Kg2 Qc2+ 53. Kf3 Qb1 54. Rc3 Qf1+ 55. Ke4 h5 56. Kd4 Qd1+ 57. Kc5 Qd7 58. b4 Qc7+ 59. Kb5 Qb7+ 60. Ka4 Qa6+ 61. Kb3 Qf1 62. Re5 Qb1+ 63. Kc4 Qf1+ 64. Kc5 Qf8+ 65. Kd4 Qd6+ 66. Rd5 Qf6+ 67. Kc4 Qc6+ 68. Rc5 Qe4+ 69. Kb3 Qb1+ 70. Ka4 Qa1+ 71. Kb5 g6 72. Rc7+ Kh6 73. Rc8 Qf1+ 74. Ka5 Qa1+ 75. Kb6 Qg1+ 76. R8c5 Qd4 77. b5 Qd8+ 78. Ka6 Qa8+ 79. Kb6 Qb8+ 80. Ka5 Qa7+ 81. Kb4 Qb7 82. Rc6 Qe7+ 83. R3c5 Qe4+ 84. Rc4 Qb1+ 85. Kc5 Qg1+ 86. Kb4 Qb1+ 87. Ka5 Qa2+ 88. Kb6 Qa8 89. Rc7 Qa3 90. Kc6 Qf3+ 91. Kc5 Qe3+ 92. Kb4 Qd2+ 93. Kc5 Qe3+ 94. Kc6 Qe6+ 95. Kb7 Qd5+ 96. Kb6 Qd6+ 97. R4c6 Qd4+ 98. Kb7 Qd5 99. b6 Qe4 100. Rd7 Qf3 101. Rd6 1-0


[Site "https://www.chess.com"]

[Event "Titled Tuesday Blitz May 17 Early 2022"]
[White "Wagh Suyog"]
[Black "Artemenko, Oleg"]
[WhiteFideId "25071688"]
[BlackFideId "14201798"]
[WhiteElo "2181"]
[BlackElo "2287"]
[Result "1-0"]
[Round "05"]
[TimeControl "180+1"]
[Date "2022.05.17"]
[WhiteClock "0:02:04"]
[BlackClock "0:02:29"]

1. e4 e6 2. d4 d5 3. Bd3 dxe4 4. Bxe4 Nf6 5. Bf3 c5 6. Ne2 Nc6 7. Be3 cxd4 8. Nxd4 Nxd4 9. Qxd4 Qxd4 10. Bxd4 Bd6 11. Nd2 O-O 12. Nc4 Bc7 13. O-O-O Rd8 14. Be5 Rxd1+ 15. Rxd1 Bd7 16. Bxc7 Rc8 17. Be5 Rxc4 18. Bxf6 gxf6 19. Rxd7 e5 20. Bd5 Rf4 21. f3 Kg7 22. Rxf7+ Kg6 23. Rxb7 Rd4 24. Be4+ f5 25. Bd3 e4 26. fxe4 fxe4 27. Be2 e3 28. Bd3+ Kg5 29. Kd1 Rh4 30. h3 Kf4 31. Ke2 Kg3 32. Rg7+ Kh2 33. Kxe3 a5 34. Rxh7 Rb4 35. b3 a4 36. bxa4 Rxa4 37. g4 Rxa2 38. g5 Ra5 39. g6 Rg5 40. h4 Rg3+ 41. Kd2 Rg2+ 42. Kc3 Rg1 43. h5 Rg5 44. h6 Kh1 45. g7 Rg4 46. Rh8 Rg5 47. g8=Q Rg3 48. Kb2 Re3 49. h7 Rg3 50. Be4+ Kh2 51. Qxg3+ Kxg3 52. Rg8+ Kf2 53. h8=Q Ke3 54. Qh3+ Kd4 55. Rd8+ Ke5 56. Qf5# 1-0


[Site "https://www.chess.com"]

[Event "Titled Tuesday Blitz May 17 Early 2022"]
[White "Wagner, Dennis"]
[Black "Zhigalko, Sergei"]
[WhiteFideId "24650684"]
[BlackFideId "13502956"]
[WhiteElo "2355"]
[BlackElo "2662"]
[Result "1/2-1/2"]
[Round "05"]
[TimeControl "180+1"]
[Date "2022.05.17"]
[WhiteClock "0:00:27"]
[BlackClock "0:00:11"]

1. e4 c5 2. Nf3 Nc6 3. c3 Nf6 4. e5 Nd5 5. Bc4 Nb6 6. Bb3 g6 7. d4 cxd4 8. cxd4 Bg7 9. O-O O-O 10. Nc3 d5 11. exd6 Qxd6 12. d5 Na5 13. h3 Bf5 14. Re1 Rac8 15. Nb5 Qd7 16. Nfd4 Nxb3 17. axb3 a6 18. Nc3 Rcd8 19. g4 Be6 20. dxe6 Qxd4 21. Be3 Qb4 22. exf7+ Kxf7 23. Qf3+ Kg8 24. Qxb7 Nd5 25. Qxb4 Nxb4 26. Bc5 Nc2 27. Bxe7 Nxe1 28. Bxd8 Nf3+ 29. Kg2 Rxd8 30. Kxf3 Bxc3 31. bxc3 Rd3+ 32. Kf4 Rxc3 33. Rxa6 Rxb3 34. Kg5 Rxh3 35. Ra8+ Kg7 36. Ra7+ Kg8 37. f4 Rf3 38. f5 gxf5 39. gxf5 Rf1 40. Kf6 h5 41. Rg7+ Kf8 42. Rh7 Kg8 43. Rxh5 Ra1 44. Rg5+ Kf8 45. Kg6 Ra6+ 46. f6 Ra1 47. Rg2 Rf1 48. Rg3 Rf2 49. Rg4 Rf1 50. Rg2 Rf3 51. Rg1 Rf2 52. Rg4 Rf3 53. Rg2 Rf1 54. Rg3 Rf2 55. Rg1 Rf3 56. Ra1 Rg3+ 57. Kf5 Rf3+ 58. Ke6 Re3+ 59. Kf5 Rf3+ 60. Ke5 Re3+ 61. Kf4 Re2 62. Ra7 Rf2+ 63. Kg5 Rg2+ 64. Kf5 Rf2+ 65. Ke6 Re2+ 66. Kd5 Rd2+ 67. Ke4 Rd1 68. Kf5 Rf1+ 69. Kg6 Rg1+ 70. Kf5 Rf1+ 71. Kg6 Rg1+ 72. Kf5 Rf1+ 1/2-1/2


[Site "https://www.chess.com"]